MID
SOUTH BEND CUBS @ HARTFORD YARD GOATS
06/11/2045
 
TOP OF THE 1ST
South Bend Cubs batting - Pitching for Hartford Yard Goats : RHP Freddy Barahona
Pitching: RHP Freddy Barahona
Batting: RHB Brian Gargis 0-0: Ball
1-0: Ball
2-0: Foul Ball, location: 2F
2-1: Ball
3-1: Foul Ball, location: 2F
3-2: Foul Ball, location: 2F
3-2: DOUBLE (Line Drive, 89D, EV 105.6 MPH)
Batting: RHB Mike Savage 0-0: Called Strike
0-1: Ball
1-1: Foul Ball, location: 2F
1-2: Strikes out swinging
Batting: RHB Ryan Walker 0-0: Ball
1-0: Ball
2-0: Swinging Strike
2-1: Swinging Strike
2-2: Strikes out looking
Batting: RHB Jonathan Sotelo 0-0: Foul Ball, location: 2F
0-1: Foul Ball, location: 2F
0-2: Ground out 4-3 (Groundball, 4S, EV 85.6 MPH)
Top of the 1st over - 0 runs, 1 hit, 0 errors, 1 left on base; South Bend 0 - Hartford 0
BOTTOM OF THE 1ST
Hartford Yard Goats batting - Pitching for South Bend Cubs : RHP Jose Marrero
Pitching: RHP Jose Marrero
Batting: LHB Glenn Lowther 0-0: Ball
1-0: SINGLE (Groundball, 6MD, EV 96.9 MPH)
Batting: LHB Bill McGregor 0-0: Called Strike
Glenn Lowther steals 2nd base (no throw)
0-1: Ball
1-1: Foul Ball, location: 2F
1-2: Strikes out swinging
Batting: LHB Greg Valenzuela 0-0: Ball
1-0: Ball
Glenn Lowther steals 3rd base
2-0: Swinging Strike
2-1: Fly out, F9 (Line Drive, 9D, EV 88.1 MPH)
Runner from 3rd tags up, SCORES, no throw by RF
Batting: LHB Jeremy Brammer 0-0: Foul Ball, location: 2F
0-1: SINGLE (Groundball, 34S, EV 66.2 MPH) (infield hit)
Batting: RHB Tyler Stebbins 0-0: Called Strike
0-1: Fly out, F8 (Flyball, 8RD, EV 88.1 MPH)
Bottom of the 1st over - 1 run, 2 hits, 0 errors, 1 left on base; South Bend 0 - Hartford 1
TOP OF THE 2ND
South Bend Cubs batting - Pitching for Hartford Yard Goats : RHP Freddy Barahona
Batting: RHB Puluke Konane 0-0: Called Strike
0-1: Ball
1-1: Ball
2-1: Called Strike
2-2: Ball
3-2: Reached on error, E6 (Groundball, 6M, EV 85.0 MPH)
Batting: LHB Kwang-chih Men 0-0: Called Strike
0-1: Foul Ball, location: 2F
0-2: SINGLE (Groundball, 25, EV 73.1 MPH) (infield hit)
Puluke Konane to third
Batting: LHB Mark Huey 0-0: Called Strike
0-1: Ball
1-1: Ball
2-1: Called Strike
2-2: Ball
3-2: Strikes out swinging
Batting: RHB Khalil Stephens 0-0: Swinging Strike
0-1: Ball
Kwang-chih Men steals 2nd base
1-1: Foul Ball, location: 2F
1-2: Foul Ball, location: 2F
1-2: Strikes out swinging
Batting: RHB Denis Rachin 0-0: Ball
1-0: Ball
2-0: Foul Ball, location: 2F
2-1: SINGLE (Groundball, 5D, EV 107.5 MPH)
Puluke Konane scores
Kwang-chih Men to third
Runner from 3rd tries for Home, SAFE, throw by LF to home
Batting: RHB Brian Gargis 0-0: Ground out U3 (Groundball, 3L, EV 98.8 MPH)
Top of the 2nd over - 2 runs, 2 hits, 1 error, 1 left on base; South Bend 2 - Hartford 1
BOTTOM OF THE 2ND
Hartford Yard Goats batting - Pitching for South Bend Cubs : RHP Jose Marrero
Batting: LHB Elijah Black 0-0: Foul Ball, location: 2F
0-1: Hit by Pitch
Batting: LHB Zane Kelton 0-0: Called Strike
0-1: Fly out, F6 (Line Drive, 6, EV 71.9 MPH)
Batting: RHB Guillermo Veronese 0-0: Ball
1-0: Foul Ball, location: 2F
1-1: Swinging Strike
Passed Ball!
Elijah Black to second
1-2: Ball
2-2: Foul Ball, location: 2F
2-2: Strikes out looking
Batting: RHB Keith Giarratano 0-0: Ball
1-0: Fly out, F7 (Flyball, 7S, EV 82.5 MPH)
Bottom of the 2nd over - 0 runs, 0 hits, 0 errors, 1 left on base; South Bend 2 - Hartford 1
TOP OF THE 3RD
South Bend Cubs batting - Pitching for Hartford Yard Goats : RHP Freddy Barahona
Batting: RHB Mike Savage 0-0: Called Strike
0-1: SINGLE (Line Drive, 78S, EV 91.2 MPH)
Batting: RHB Ryan Walker 0-0: Called Strike
0-1: Ball
1-1: Ball
2-1: Swinging Strike
2-2: Foul Ball, location: 2F
2-2: Strikes out swinging
Batting: RHB Jonathan Sotelo 0-0: Called Strike
0-1: Ball
1-1: Ball
2-1: Grounds out, U3 (Groundball, 3L, EV 89.4 MPH)
Batting: RHB Puluke Konane 0-0: Fly out, F9 (Line Drive, 89M, EV 96.2 MPH)
Top of the 3rd over - 0 runs, 1 hit, 0 errors, 1 left on base; South Bend 2 - Hartford 1
BOTTOM OF THE 3RD
Hartford Yard Goats batting - Pitching for South Bend Cubs : RHP Jose Marrero
Batting: LHB Glenn Lowther 0-0: SINGLE (Line Drive, 4D, EV 105.6 MPH)
Batting: LHB Bill McGregor 0-0: Ball
1-0: Called Strike
1-1: Ball
2-1: Ball
3-1: Base on Balls
Glenn Lowther to second
Batting: LHB Greg Valenzuela 0-0: Ball
1-0: Called Strike
1-1: Foul Ball, location: 2F
1-2: Reached on error, E3 (Groundball, 3, EV 76.9 MPH)
Glenn Lowther to third
Bill McGregor to second
Pitching: LHP Colin Scott
Batting: LHB Jeremy Brammer 0-0: Called Strike
0-1: Swinging Strike
0-2: Strikes out swinging
Batting: RHB Tyler Stebbins 0-0: Ball
1-0: Foul Ball, location: 2F
1-1: Ball
2-1: Foul Ball, location: 2F
2-2: Strikes out swinging
Batting: LHB Elijah Black 0-0: Ball
1-0: Foul Ball, location: 2F
1-1: Ball
2-1: Foul Ball, location: 2F
2-2: Hit by Pitch
Glenn Lowther scores
Bill McGregor to third
Greg Valenzuela to second
Batting: LHB Zane Kelton 0-0: Ball
1-0: Called Strike
1-1: Swinging Strike
1-2: Foul Ball, location: 2F
1-2: Strikes out swinging
Bottom of the 3rd over - 1 run, 1 hit, 1 error, 3 left on base; South Bend 2 - Hartford 2
TOP OF THE 4TH
South Bend Cubs batting - Pitching for Hartford Yard Goats : RHP Freddy Barahona
Batting: LHB Kwang-chih Men 0-0: Called Strike
0-1: Ball
1-1: Foul Ball, location: 2F
1-2: Foul Ball, location: 2F
1-2: Foul Ball, location: 2F
1-2: Ground out U3 (Groundball, 34, EV 86.9 MPH)
Batting: LHB Mark Huey 0-0: Called Strike
0-1: Foul Ball, location: 2F
0-2: Fly out, F9 (Line Drive, 9, EV 86.2 MPH)
Batting: RHB Khalil Stephens 0-0: Swinging Strike
0-1: Swinging Strike
0-2: Ball
1-2: Foul Ball, location: 2F
1-2: Ball
2-2: Ball
3-2: Strikes out looking
Top of the 4th over - 0 runs, 0 hits, 0 errors, 0 left on base; South Bend 2 - Hartford 2
BOTTOM OF THE 4TH
Hartford Yard Goats batting - Pitching for South Bend Cubs : LHP Colin Scott
Batting: RHB Guillermo Veronese 0-0: Foul Ball, location: 2F
0-1: Swinging Strike
0-2: Strikes out swinging
Batting: RHB Keith Giarratano 0-0: Foul Ball, location: 2F
0-1: Foul Ball, location: 2F
0-2: Ball
1-2: Ball
2-2: Strikes out swinging
Pitching: RHP Josh Deyo
Batting: LHB Glenn Lowther 0-0: Ball
1-0: Ball
2-0: Called Strike
2-1: Swinging Strike
2-2: Foul Ball, location: 2F
2-2: Ball
3-2: Foul Ball, location: 2F
3-2: SINGLE (Groundball, 4MD, EV 109.4 MPH)
Batting: LHB Bill McGregor 0-0: Called Strike
Glenn Lowther steals 2nd base (no throw)
0-1: Ball
1-1: Ball
2-1: Foul Ball, location: 2F
2-2: Ball
3-2: Fly out, F7 (Line Drive, 7, EV 93.8 MPH)
Bottom of the 4th over - 0 runs, 1 hit, 0 errors, 1 left on base; South Bend 2 - Hartford 2
TOP OF THE 5TH
South Bend Cubs batting - Pitching for Hartford Yard Goats : RHP Freddy Barahona
Batting: RHB Denis Rachin 0-0: Called Strike
0-1: Foul Ball, location: 2F
0-2: Ball
1-2: Ball
2-2: Strikes out swinging
Batting: RHB Brian Gargis 0-0: Called Strike
0-1: Ball
1-1: Fly out, F5 (Line Drive, 5, EV 73.8 MPH)
Batting: RHB Mike Savage 0-0: Called Strike
0-1: Foul Ball, location: 2F
0-2: Strikes out swinging
Top of the 5th over - 0 runs, 0 hits, 0 errors, 0 left on base; South Bend 2 - Hartford 2
BOTTOM OF THE 5TH
Hartford Yard Goats batting - Pitching for South Bend Cubs : RHP Josh Deyo
Batting: LHB Greg Valenzuela 0-0: Ball
1-0: Ball
2-0: Fly out, F9 (Line Drive, 9, EV 92.5 MPH)
Batting: LHB Jeremy Brammer 0-0: Ball
1-0: Ground out 5-3 (Groundball, 56, EV 87.5 MPH)
Batting: RHB Tyler Stebbins 0-0: Ball
1-0: Ball
2-0: Ball
3-0: Called Strike
3-1: Foul Ball, location: 2F
3-2: Ground out 5-3 (Groundball, 56, EV 90.0 MPH)
Bottom of the 5th over - 0 runs, 0 hits, 0 errors, 0 left on base; South Bend 2 - Hartford 2
TOP OF THE 6TH
South Bend Cubs batting - Pitching for Hartford Yard Goats : RHP Freddy Barahona
Pitching: RHP Angelo Ayala
Batting: RHB Ryan Walker 0-0: Swinging Strike
0-1: Ball
1-1: Ball
2-1: Fly out, F2 (Popup, 25F, EV 90.6 MPH)
Batting: RHB Jonathan Sotelo 0-0: Ball
1-0: Reached via error on a dropped throw from 2B, E3 (Groundball, 34, EV 102.5 MPH)
Batting: RHB Puluke Konane 0-0: Ball
1-0: Called Strike
1-1: Called Strike
1-2: SINGLE (Line Drive, 89M, EV 97.5 MPH)
Jonathan Sotelo to second
Runner from 2nd tries for 3rd, SAFE, throw by RF made to third
Puluke Konane to second
Batting: LHB Kwang-chih Men 0-0: Foul Ball, location: 2F
0-1: Ball
1-1: Foul Ball, location: 2F
1-2: Foul Ball, location: 2F
1-2: Strikes out swinging
Batting: LHB Mark Huey 0-0: Called Strike
0-1: Called Strike
0-2: Ball
1-2: Ball
2-2: Foul Ball, location: 2F
2-2: Ball
3-2: Foul Ball, location: 2F
3-2: Base on Balls
Batting: RHB Khalil Stephens 0-0: Ball
1-0: Foul Ball, location: 2F
1-1: Foul Ball, location: 2F
1-2: Ball
2-2: Ball
3-2: Foul Ball, location: 2F
3-2: Strikes out swinging
Top of the 6th over - 0 runs, 1 hit, 1 error, 3 left on base; South Bend 2 - Hartford 2
BOTTOM OF THE 6TH
Hartford Yard Goats batting - Pitching for South Bend Cubs : RHP Josh Deyo
Pitching: RHP Harry Poindexter
Batting: LHB Elijah Black 0-0: Called Strike
0-1: Called Strike
0-2: Strikes out swinging, 2-3 out at first.
Batting: LHB Zane Kelton 0-0: Called Strike
0-1: Ball
1-1: Swinging Strike
1-2: Strikes out looking
Batting: RHB Guillermo Veronese 0-0: Ball
1-0: Ball
2-0: Called Strike
2-1: Ball
3-1: Fly out, F6 (Popup, 4M, EV 50.0 MPH)
Bottom of the 6th over - 0 runs, 0 hits, 0 errors, 0 left on base; South Bend 2 - Hartford 2
TOP OF THE 7TH
South Bend Cubs batting - Pitching for Hartford Yard Goats : RHP Angelo Ayala
Pitching: RHP Diego Arredondo
Batting: RHB Denis Rachin 0-0: Fly out, F6 (Flyball, 56D, EV 86.2 MPH)
Batting: RHB Brian Gargis 0-0: Called Strike
0-1: Ball
1-1: Ball
2-1: Swinging Strike
2-2: Ball
3-2: Base on Balls
Batting: RHB Mike Savage 0-0: Called Strike
0-1: Swinging Strike
0-2: Ball
1-2: Strikes out swinging
Batting: RHB Ryan Walker 0-0: Called Strike
Brian Gargis steals 2nd base
0-1: Ball
1-1: Ground out 6-3 (Groundball, 56, EV 81.9 MPH)
Top of the 7th over - 0 runs, 0 hits, 0 errors, 1 left on base; South Bend 2 - Hartford 2
BOTTOM OF THE 7TH
Hartford Yard Goats batting - Pitching for South Bend Cubs : RHP Harry Poindexter
Batting: RHB Keith Giarratano 0-0: Ball
1-0: Fly out, F5 (Popup, 15, EV 90.6 MPH)
Batting: LHB Glenn Lowther 0-0: Ball
1-0: DOUBLE (Line Drive, 89XD, EV 106.2 MPH)
Batting: LHB Bill McGregor 0-0: Ball
1-0: Called Strike
1-1: Foul Ball, location: 2F
1-2: Ball
2-2: Ball
3-2: Foul Ball, location: 2F
3-2: Strikes out swinging
Batting: LHB Greg Valenzuela 0-0: Ball
1-0: Ball
2-0: Called Strike
2-1: Foul Ball, location: 2F
2-2: Strikes out swinging
Bottom of the 7th over - 0 runs, 1 hit, 0 errors, 1 left on base; South Bend 2 - Hartford 2
TOP OF THE 8TH
South Bend Cubs batting - Pitching for Hartford Yard Goats : RHP Diego Arredondo
Pitching: LHP Juan Vargas
Batting: RHB Jonathan Sotelo 0-0: Called Strike
0-1: Ball
1-1: Foul Ball, location: 2F
1-2: Foul Ball, location: 2F
1-2: Ball
2-2: Foul Ball, location: 2F
2-2: Foul Ball, location: 2F
2-2: Ball
3-2: Foul Ball, location: 2F
3-2: Foul Ball, location: 2F
3-2: SOLO HOME RUN (Flyball, 7LD, EV 95.0 MPH), Distance : 354 ft
Batting: RHB Puluke Konane 0-0: SINGLE (Line Drive, 9LS, EV 91.2 MPH)
Batting: LHB Kwang-chih Men 0-0: Foul Ball, location: 2F
0-1: SINGLE (Groundball, 6D, EV 103.8 MPH)
Puluke Konane to second
Batting: LHB Mark Huey 0-0: Called Strike
0-1: Ball
1-1: Ball
2-1: Ball
Wild Pitch!
Puluke Konane to third
Kwang-chih Men to second
3-1: Base on Balls
Batting: RHB Khalil Stephens 0-0: Foul Ball, location: 2F
0-1: Ball
1-1: Swinging Strike
1-2: Foul Ball, location: 2F
1-2: Ball
2-2: Ball
3-2: Strikes out swinging
Batting: RHB Denis Rachin 0-0: Ball
1-0: Called Strike
1-1: Grounds into fielders choice 3-2 (Groundball, 3S, EV 67.5 MPH)
Kwang-chih Men to third
Mark Huey to second
Batting: RHB Brian Gargis 0-0: Ball
1-0: Ball
2-0: Ground out 5-3 (Groundball, 56S, EV 88.8 MPH)
Top of the 8th over - 1 run, 3 hits, 0 errors, 3 left on base; South Bend 3 - Hartford 2
BOTTOM OF THE 8TH
Hartford Yard Goats batting - Pitching for South Bend Cubs : RHP Harry Poindexter
Pitching: RHP Jose Ramirez
Batting: LHB Jeremy Brammer 0-0: Called Strike
0-1: Foul Ball, location: 2F
0-2: Ball
1-2: Ball
2-2: Fly out, F8 (Flyball, 8LS, EV 83.8 MPH)
Batting: RHB Tyler Stebbins 0-0: Foul Ball, location: 2F
0-1: Foul Ball, location: 2F
0-2: Ball
1-2: Ball
2-2: Strikes out swinging
Batting: LHB Elijah Black 0-0: Ball
1-0: Fly out, F9 (Flyball, 9D, EV 102.5 MPH)
Bottom of the 8th over - 0 runs, 0 hits, 0 errors, 0 left on base; South Bend 3 - Hartford 2
TOP OF THE 9TH
South Bend Cubs batting - Pitching for Hartford Yard Goats : LHP Juan Vargas
Pitching: RHP Tye Dickinson
Batting: RHB Mike Savage 0-0: Ball
1-0: Foul Ball, location: 2F
1-1: Ball
2-1: Called Strike
2-2: Ball
3-2: Base on Balls
Batting: RHB Ryan Walker 0-0: Ball
Mike Savage is caught stealing 2nd base 2-4
1-0: Called Strike
1-1: Called Strike
1-2: Ball
2-2: Strikes out looking
Batting: RHB Jonathan Sotelo 0-0: Swinging Strike
0-1: Ball
1-1: Called Strike
1-2: Ball
2-2: Foul Ball, location: 2F
2-2: Strikes out swinging
Top of the 9th over - 0 runs, 0 hits, 0 errors, 0 left on base; South Bend 3 - Hartford 2
BOTTOM OF THE 9TH
Hartford Yard Goats batting - Pitching for South Bend Cubs : RHP Jose Ramirez
Batting: LHB Zane Kelton 0-0: Ball
1-0: Ball
2-0: SINGLE (Groundball, 34D, EV 105.0 MPH)
Batting: RHB Guillermo Veronese 0-0: Bunted foul
0-1: Bunted foul
0-2: Foul Ball, location: 2F
0-2: Ball
1-2: Foul Ball, location: 2F
1-2: Ball
2-2: Foul Ball, location: 2F
2-2: Ball
3-2: Fielders Choice at 2nd, 1-6 (Groundball, 13S, EV 70.0 MPH)
Pitching: RHP Miles Edwards
Batting: RHB Keith Giarratano 0-0: Called Strike
0-1: Ball
1-1: Grounds into double play, 6-4-3 (Groundball, 6, EV 80.0 MPH)
Bottom of the 9th over - 0 runs, 1 hit, 0 errors, 0 left on base; South Bend 3 - Hartford 2
Wednesday, June 22nd , 2022 - OOTP Baseball 23.4 Build 64